 Dungeon Crawl Stone Soup version 0.29.1-2-gbd0b4ee654 (webtiles) character file.

Game seed: 798994192141865038

187 MTVSty1e the Chopper (level 5, -10/49 HPs)
             Began as a Gargoyle Gladiator on Oct 23, 2022.
             Mangled by an ogre
             ... wielding a +0 giant club
              (13 damage)
             ... on level 4 of the Dungeon.
             The game lasted 00:03:19 (3515 turns).

MTVSty1e the Chopper (Gargoyle Gladiator)           Turns: 3515, Time: 00:03:19

Health: -10/49     AC: 22    Str: 20    XL:     5   Next: 66%
Magic:  5/5        EV:  2    Int:  8    God:
Gold:   180        SH:  5    Dex: 17    Spells: 4/4 levels left

rFire   . . .      SeeInvis .   a - +0 war axe
rCold   . . .      Faith    .   (no shield)
rNeg    + . .      Spirit   .   (body armour currently unavailable)
rPois   ∞          Reflect  +   (helmet currently unavailable)
rElec   .          Harm     .   (cloak currently unavailable)
rCorr   .          Rampage  .   (gloves currently unavailable)
Will    .....      NoTele   +   (boots currently unavailable)
Stlth   ++........              h - amulet of reflection
HPRegen 0.16/turn               d - +6 ring of dexterity
MPRegen 0.09/turn               (no ring)

@: tree-form
A: stationary, stasis, torment immunity, boosted hp, sickness immunity, AC +4,
negative energy resistance 1, (electricity resistance), torment resistance 1,
petrification resistance
a: no special abilities


You were on level 4 of the Dungeon.
You were a tree.
You visited 1 branch of the dungeon, and saw 4 of its levels.

You collected 180 gold pieces.

Inventory:

Hand Weapons
 a - a +0 war axe (weapon)
Armour
 c - a +0 helmet (melded)
 o - a +0 scale mail (melded)
 s - a +0 pair of gloves (melded)
Jewellery
 d - a +6 ring of dexterity (left branch)
 h - an amulet of reflection (around neck)
 k - a ring of fire
 t - a +6 ring of intelligence
Wands
 e - a wand of iceblast (10)
Scrolls
 f - 9 scrolls of identify {unknown}
 g - 2 scrolls of butterflies {unknown}
 i - a scroll of vulnerability {unknown}
 j - a scroll of teleportation {unknown}
 l - a scroll of immolation {unknown}
 m - 5 scrolls of magic mapping {unknown}
 n - 2 scrolls of summoning {unknown}
 r - a scroll of blinking {unknown}
Potions
 b - a potion of lignification
 p - a potion of flight
 q - a potion of curing
 u - a potion of heal wounds {unknown}


   Skills:
 + Level 3.9 Fighting
 * Level 4.9 Axes
 - Level 1.7 Throwing
 - Level 2.4 Dodging


You had 4 spell levels left.
You didn't know any spells.
Your spell library contained the following spells:

 Spells                   Type           Power      Damage    Failure   Level
 Magic Dart               Conj           0%         1d3       41%         1
 Sandblast                Erth           0%         2d4       41%         1
 Passwall                 Tmut/Erth      0%         N/A       54%         2
 Poisonous Vapours        Pois/Air       0%         N/A       54%         2
 Ozocubu's Armour         Ice            0%         N/A       78%         3
 Stone Arrow              Conj/Erth      0%         3d7       78%         3
 Corpse Rot               Necr/Pois/Air  0%         N/A       99%         4
 Iskenderun's Mystic Bla  Conj/Tloc      0%         2d3       99%         4
 Spellforged Servitor     Conj/Summ      0%         N/A       100%        7


Dungeon Overview and Level Annotations

Branches:
Dungeon (4/15)
 Temple: D:4-7

Altars:
Hepliaklqana
Makhleb
Uskayaw
Yredelemnul

Shops:
D:2 *


Innate Abilities, Weirdness & Mutations

You are a tree.
Your roots penetrate the ground, keeping you stationary.
You cannot be teleported.
You are immune to unholy pain and torment.
Your maximum health is greatly increased.
Your equipment is partially melded.
You are immune to sickness and miasma.
((Your stone body is resilient. (AC +4)))
You are immune to poison.
You resist negative energy. (rN+)
((You are resistant to electric shocks. (rElec)))
You are resistant to unholy torment.
You are immune to petrification.


Message History

You hit the plant but do no damage. The phantom hits you.
The phantom blinks!
You blink.
Found a scroll labelled YMAIBL HIFIV.
You slash the phantom!
The phantom is severely damaged.
You hit the plant.
The plant begins to die.
The phantom hits you but does no damage.
You closely miss the phantom.
The phantom is severely damaged.
You slash the plant! The phantom closely misses you.
The phantom completely misses you.
You closely miss the phantom.
The phantom is severely damaged.
You hit the plant. The phantom barely misses you.
You miss the phantom.
The phantom is severely damaged.
You hit the plant.
A nearby plant withers and dies.
You block the phantom's attack.
You completely miss the phantom.
The phantom is severely damaged.
The phantom hits you.
The phantom blinks!
You blink.
You hit the phantom but do no damage.
The phantom is severely damaged.
You hit the plant.
The plant begins to die.
The phantom hits you.
The phantom hits you but does no damage.
The ogre hits you with a +0 giant club!!
Ouch! That really hurt!
* * * LOW HITPOINT WARNING * * *
It was a potion of lignification.
You turn into a tree.
Your +0 helmet melds into your body.
Your +0 pair of gloves melds into your body.
Your +0 scale mail melds into your body.
Your roots penetrate the ground.
The phantom hits you but does no damage.
It was a potion of curing.
You feel better. The ogre hits you with a +0 giant club.
* * * LOW HITPOINT WARNING * * *
You block the phantom's attack.
It was a potion of flight.
Your roots keep you in place.
A nearby plant withers and dies.
The ogre hits you with a +0 giant club!
You die...

##### ####.P. ##
#####...P. #.P#
.........#...P#
..........#..§#
#..P.$♣W§.PP§..
#####.P..O_.§.P§.
#....PP..PPP..... #
#.##....§§..PP.?.
#.##.###..P.P..§....
#.#..# #.(..........
#####...####...#.....#.#
..........##.####.#...
#########.(.#.


You could see an ogre and a phantom.

Vanquished Creatures
  An orc priest (D:4)
  7 adders
  3 dart slugs
  3 orcs
  5 ball pythons
  6 bats
  7 endoplasms
  4 giant cockroaches
  9 goblins
  13 hobgoblins
  7 jackals
  6 kobolds
  3 frilled lizards
  5 rats
79 creatures vanquished.

Vanquished Creatures (others)
  4 plants (D:4)
4 creatures vanquished.

Grand Total: 83 creatures vanquished

Notes
Turn   | Place    | Note
-------+----------+-------------------------------------------
     0 | D:1      | MTVSty1e the Gargoyle Gladiator began the quest for the
                  | Orb.
     0 | D:1      | Reached XP level 1. HP: 12/12 MP: 1/1
    74 | D:1      | Reached skill level 3 in Axes
   123 | D:1      | Reached XP level 2. HP: 18/18 MP: 2/2
   367 | D:1      | Reached XP level 3. HP: 17/22 MP: 3/3
   623 | D:1      | Found a faded altar of an unknown god.
   749 | D:1      | Got the Lectures on the Hurtful Iceberg
  1111 | D:2      | Reached XP level 4. HP: 18/28 MP: 4/4
  1273 | D:2      | Reached skill level 4 in Axes
  1989 | D:2      | Found Kimp's Assorted Antiques.
  2181 | D:3      | Found a basalt altar of Yredelemnul.
  2279 | D:3      | Reached XP level 5. HP: 31/32 MP: 5/5
  2522 | D:3      | Found a burning altar of Makhleb.
  3084 | D:4      | Noticed a +0 short sword
  3084 | D:4      | Noticed a +0 dagger
  3084 | D:4      | Noticed a +0 falchion
  3095 | D:4      | Noticed a +0 dagger
  3096 | D:4      | Noticed a +0 falchion
  3096 | D:4      | Noticed a +0 short sword
  3097 | D:4      | Noticed a +0 spear
  3097 | D:4      | Noticed a +0 spear
  3100 | D:4      | Found a hide-covered altar of Uskayaw.
  3289 | D:4      | Noticed an ogre
  3492 | D:4      | Noticed a phantom
  3505 | D:4      | Found a hazy altar of Hepliaklqana.
  3515 | D:4      | Mangled by an ogre

Illustrated notes

Levels and vault maps discovered:
D:1:      dpeg_arrival_rooms_c, layout_loops_ring,
          ebering_ecumenical_altar_abandoned
D:2:      layout_loops_corners, serial_shops, nicolae_shop_waterfront,
          minmay_between
D:3:      layout_basic, lemuel_doored_altar, mainiacjoe_overflow_paths,
          serial_aquarium, aquarium_bridge_straight [aquarium_subvault_bridge,
          aquarium_subvault_window, aquarium_subvault_bridge,
          aquarium_subvault_balcony], aquarium_window_fake, aquarium_window_1,
          aquarium_view_2b, aquarium_pool_2
D:4:      layout_rooms, nicolae_uskayaw_en_pointe,
          nicolae_hepliaklqana_hazy_memory, minmay_misc_feat_tower,
          hangedman_decor_opposing

Skill      XL: |  1  2  3  4 |
---------------+-------------+-----
Axes           | 3 4 |  4.9
Fighting       | 3 |  3.9
Throwing       | |  1.7
Dodging        | |  2.4

Action                   |  1- 3 |  4- 6 || total
-------------------------+-------+-------++-------
Melee: War axe           |   110 |   160 ||   270
       Punch             |     2 |     1 ||     3
  Use: Potion            |       |     3 ||     3
Armor: Leather armour    |    50 |       ||    50
       Scale mail        |       |    85 ||    85
       Skin              |       |     1 ||     1
Dodge: Dodged            |    79 |    99 ||   178
Block: Other             |    24 |    50 ||    74
       Reflection        |     1 |     1 ||     2
